AoeStats
← Eugenius

Arena

508711557Analyzed
4v4 RM · 8d ago on Sep 23, 2026· 31m 50s· 8 players
Game mode
Random Map
Map size
Large (8 player)
Population
200
Speed
Normal
Resources
Standard
Victory
Conquest
Starting age
Dark Age
Ending age
Imperial Age
RankedLock teamsTeams togetherTeam positionsShared explorationLock speedFull tech treeHidden civsTurbo modeCheats
Victory
Defeat
🇺🇸 Italians · United States
1775
+17
🇵🇪 Magyars · Peru
1722
+19
🇲🇽 Gurjaras · Mexico
1698
+20
🇲🇽 Bohemians · Mexico
1448
+29
🇪🇨 Varangians · Ecuador
1879
-24
🇦🇷 Armenians · Argentina
1842
-23
🇹🇷 Vietnamese · Türkiye
1765
-21
🇨🇳 Persians · China
1678
-17
Eärnur
11:42 Feudal Age
15:20 Castle Age
13:06 Double-Bit Axe
13:02 Horse Collar
16:25 Bow Saw
16:16 Heavy Plow
16:38 Town Watch
17:31 Loom
24:36 Wheelbarrow
27:03 Hand Cart
31:23 Imperial Age
29:07 Scale Mail Armor
29:56 Forging
29:33 Gambesons
29:34 Arson
30:26 Chain Mail Armor
30:13 Squires
31:22 Gold Mining
32:25 Iron Casting
啥牌子的
10:26 Feudal Age
14:01 Castle Age
12:35 Double-Bit Axe
12:41 Horse Collar
14:49 Loom
15:50 Bow Saw
16:49 Heavy Plow
18:16 Town Watch
21:01 Wheelbarrow
CTMl cachi
8:56 Feudal Age
9:39 Loom
12:28 Castle Age
10:58 Double-Bit Axe
25:05 Imperial Age
23:15 Sanctity
24:34 Redemption
27:02 Block Printing
26:44 Fletching
27:52 Theocracy
Çıkmaz Sokak
10:04 Feudal Age
13:51 Castle Age
12:18 Stone Mining
12:52 Double-Bit Axe
14:27 Horse Collar
17:37 Fletching
19:27 Wheelbarrow
19:29 Bow Saw
20:17 Gold Mining
20:27 Bodkin Arrow
20:32 Padded Archer Armor
23:28 Heavy Plow
24:04 Stone Shaft Mining
26:22 Padded Archer Armor
31:26 Imperial Age
30:42 Leather Archer Armor
30:49 Loom
§Y¶# Ä
9:40 Feudal Age
8:55 Loom
14:35 Castle Age
12:48 Double-Bit Axe
24:34 Husbandry
quesarito
8:02 Feudal Age
15:23 Fletching
15:33 Padded Archer Armor
22:26 Castle Age
20:28 Horse Collar
23:13 Thumb Ring
23:04 Bodkin Arrow
23:04 Double-Bit Axe
24:08 Ballistics
23:43 Crossbowman
26:20 Wheelbarrow
26:14 Heavy Plow
26:25 Bow Saw
27:24 Hand Cart
AM | DEMONIO_MX
10:12 Feudal Age
9:13 Loom
14:18 Castle Age
12:42 Double-Bit Axe
13:15 Horse Collar
14:06 Fletching
17:37 Fervor
18:30 Wheelbarrow
18:26 Bow Saw
18:40 Heavy Plow
26:49 Imperial Age
26:14 Chemistry
25:41 Bodkin Arrow
28:58 Bracer
Eugenius
10:19 Feudal Age
11:06 Horse Collar
11:12 Double-Bit Axe
12:28 Bloodlines
15:35 Scale Barding Armor
31:18 Castle Age
31:21 Light Cavalry
32:08 Husbandry
Connection lost

Rejoining the realm…

Still unreachable

The connection could not be restored.

Session expired

The server has moved on; the page needs a fresh start.